 Dungeon Crawl Stone Soup version 0.29.1-15-g9cfb28693d (webtiles) character file.

Game seed: 11511109288983076147

35 jtron the Chopper (level 3, -2/33 HPs)
             Began as a Hill Orc Monk on Feb 27, 2023.
             Slain by a worm (6 damage)
             ... on level 2 of the Dungeon.
             The game lasted 00:02:56 (1150 turns).

jtron the Chopper (Hill Orc Monk)                   Turns: 1150, Time: 00:02:57

Health: -2/33      AC:  3    Str: 11 (13) XL:     3   Next: 33%
Magic:  3/3        EV: 12    Int:  7 (10) God:
Gold:   80         SH:  0    Dex: 12 (15) Spells: 2/2 levels left

rFire   . . .      SeeInvis .   e - +0 hand axe
rCold   . . .      Faith    .   (no shield)
rNeg    + . .      Spirit   .   b - +0 robe
rPois   .          Reflect  .   (no helmet)
rElec   .          Harm     .   (no cloak)
rCorr   +          Rampage  .   d - +0 pair of gloves
Will    .....                   (no boots)
Stlth   ++........              (no amulet)
HPRegen 0.11/turn               k - ring of resist corrosion
MPRegen 0.08/turn               l - ring of positive energy

@: brilliant
A: no striking features
a: no special abilities


You were on level 2 of the Dungeon.
You visited 1 branch of the dungeon, and saw 2 of its levels.

You collected 80 gold pieces.

Inventory:

Hand Weapons
 a - a +1 whip of venom
 e - a +0 hand axe (weapon)
Missiles
 j - 14 stones (quivered)
Armour
 b - a +0 robe (worn)
 d - a +0 pair of gloves (worn)
Jewellery
 g - an amulet of faith
 k - a ring of resist corrosion (left hand)
 l - a ring of positive energy (right hand)
Scrolls
 h - a scroll of immolation {unknown}
 m - a scroll of identify {unknown}
 n - a scroll of teleportation {unknown}
Potions
 c - 3 potions of ambrosia


   Skills:
 * Level 4.3 Fighting
 + Level 4.7 Axes
 + Level 2.6 Dodging
 + Level 1.7 Stealth


You had 2 spell levels left.
You didn't know any spells.
Your spell library was empty.

Dungeon Overview and Level Annotations

Branches:
Dungeon (2/15)

Altars:


Message History

A worm comes into view.
You hit the kobold.
You kill the kobold!
Things that are here:
a +0 club; a kobold corpse
Found a ring of resist corrosion.
You hit the worm.
The worm is moderately wounded.
You hit the worm.
The worm is heavily wounded.
The worm barely misses you.
You hit the worm but do no damage.
The worm is moderately wounded.
You hit the worm.
The worm is heavily wounded.
The worm bites you.
You barely miss the worm.
The worm is heavily wounded.
The worm bites you!
You are too injured to fight recklessly!
It was a potion of brilliance.
You feel clever all of a sudden.
It was a potion of degeneration.
There was something very wrong with that liquid.
You feel weakened.
You feel dopey.
You feel clumsy. The worm bites you!
* * * LOW HITPOINT WARNING * * *
A worm is nearby!
A worm is nearby!
A worm is nearby!
A worm is nearby!
You hit the worm.
The worm is heavily wounded.
The worm bites you but does no damage.
You hit the worm.
The worm is severely wounded.
You hit the worm.
The worm is severely wounded.
The worm bites you.
You die...

........# ........#
#...... ........#
#...... ........# #.....
........## #...#
.........# #...#
....[....####...#####
..>.................#...
..............).@w......
.......#.###....####....
.........# #..(.# =
.......### #....#
.......# ######
.......### .≈.≈...♣~##
....≈...~~###.
.#~≈.~.~~..... .P#


You could see a worm.

Vanquished Creatures
  A dart slug (D:2)
  4 endoplasms
  3 giant cockroaches (D:1)
  3 goblins (D:1)
  7 hobgoblins
  2 kobolds
  A quokka (D:1)
  3 bats (D:1)
  A frilled lizard (D:1)
  A rat (D:1)
26 creatures vanquished.

Notes
Turn   | Place    | Note
-------+----------+-------------------------------------------
     0 | D:1      | jtron the Hill Orc Monk began the quest for the Orb.
     0 | D:1      | Reached XP level 1. HP: 19/19 MP: 1/1
   119 | D:1      | Reached XP level 2. HP: 21/27 MP: 2/2
   688 | D:1      | Reached XP level 3. HP: 30/33 MP: 3/3
  1150 | D:2      | Slain by a worm

Illustrated notes

Levels and vault maps discovered:
D:1:      amcnicky_arrival_flooded_fountain, layout_loops_ring,
          hangedman_decor_peaks_small
D:2:      cheibrodos_old_hovel, layout_basic,
          shapermc_ecumenical_altar_rom_forum, chequers_serial_rivers_marsh,
          uniq_sigmund

Skill      XL: |  1  2 |
---------------+-------+-----
Fighting       | 4 |  4.3
Axes           | |  4.7
Dodging        | |  2.6
Stealth        | |  1.7

Action                   || total
-------------------------++-------
Melee: Hand axe          ||    92
Throw: Stone             ||     5
  Use: Potion            ||     2
 Stab: Sleeping          ||     2
Armor: Robe              ||    19
Dodge: Dodged            ||    50
